 Dungeon Crawl Stone Soup version 0.23.0-42-geed6394 (webtiles) character file.

Game seed: 2913640064183782335

163 poirepourri the Magician (level 5, -4/28 HPs)
             Began as a Deep Elf Conjurer on Feb 28, 2019.
             Hit by a tomahawk of returning thrown by an orc warrior (13 damage)
             ... on level 7 of the Dungeon.
             The game lasted 00:05:09 (3106 turns).

poirepourri the Magician (Deep Elf Conjurer)        Turns: 3106, Time: 00:05:09

Health: -4/28      AC:  3    Str:  5    XL:     5   Next: 20%
Magic:  6/16       EV: 12    Int: 21    God:
Gold:   97         SH:  0    Dex: 12    Spells: 4/18 levels left

rFire    . . .     SeeInvis .   (no weapon)
rCold    . . .     Gourm    .   (no shield)
rNeg     . . .     Faith    .   a - +1 robe
rPois    .         Spirit   .   (no helmet)
rElec    .         Reflect  .   (no cloak)
rCorr    .         Harm     .   (no gloves)
MR       +....                  (no boots)
Stlth    ++........             (no amulet)
HPRegen  0.09/turn              e - ring of protection from magic
MPRegen  0.15/turn              i - -3 ring of dexterity (curse)

@: no status effects
A: no striking features
a: no special abilities


You were on level 7 of the Dungeon.
You were not hungry.

You visited 1 branch of the dungeon, and saw 6 of its levels.

You collected 97 gold pieces.

Inventory:

Missiles
 g - 2 throwing nets (quivered)
Armour
 a - a +1 robe (worn)
Jewellery
 e - a ring of protection from magic (left hand)
 i - a cursed -3 ring of dexterity (right hand)
Scrolls
 j - a scroll of blinking {unknown}
 k - a scroll of identify
Potions
 b - a potion of lignification {unknown}
 d - a potion of flight {unknown}
 f - 3 potions of curing
 h - a potion of brilliance {unknown}
Comestibles
 c - 6 rations


   Skills:
 - Level 2.4 Dodging
 - Level 2.4 Stealth
 + Level 7.4 Spellcasting
 - Level 4.3 Conjurations


You had 4 spell levels left.
You knew the following spells:

 Your Spells              Type           Power        Failure   Level  Hunger
a - Magic Dart            Conj           ####         1%          1    None
b - Searing Ray           Conj           ####..       2%          2    None
c - Dazzling Spray        Conj/Hex       ###...       11%         3    None
d - Iskenderun's Mystic   Conj           ####....     14%         4    ###....
e - Force Lance           Conj/Tloc      ###.....     34%         4    ###....

Your spell library contained the following spells:

 Spells                   Type           Power        Failure   Level  Hunger
 Fulminant Prism          Conj/Hex       ###.......   34%         4    ###....


Dungeon Overview and Level Annotations

Branches:
Dungeon (6/15)
 Temple: D:4-7

Altars:
Gozag

Shops:
D:6 !

Annotations:
D:6 Grinder


Message History

The spray of energy hits the orc!
You kill the orc!
An orc comes into view. It is wielding a +0 club.
The black bear growls angrily.
You hear a croak.
The orc shouts!
Casting: Dazzling Spray (safe; 11% risk of failure)
Confirm with . or Enter, or press ? or * to list all spells.
Aiming: Dazzling Spray (safe; 11% risk of failure)
Press: ? - help, Shift-Dir - straight line, f - black bear
Aim: a black bear The spray of energy misses the black bear.
The orc shouts!
The orc warrior throws a tomahawk of returning.
The tomahawk of returning barely misses you.
The weapon returns to the orc warrior!
You hit the black bear.
The black bear is lightly wounded.
The orc warrior throws a tomahawk of returning.
The tomahawk of returning hits you!
You die...

#.# ...o....... #.#
...gF###.... #g#
##gg......... #.#
...g...Fg..# #o# .... $
#.# ... .# ##o#
#.#####.##### ...#
#h##......!.. ...#
###########@......####.
...# #..g.o.o..........#
##.###)#########..o....#
#..o..# #.o.....#
####### #.l$...o#
#......... #.......##.
.......... ##......#..


You could see 2 orc warriors, a black bear, a bullfrog, an iguana, a gnoll and 3
orcs.

Vanquished Creatures
  A bullfrog (D:5)
  2 hound skeletons (D:5)
  A howler monkey zombie (D:5)
  An adder (D:2)
  A worm (D:2)
  3 dart slugs
  3 orcs
  4 giant cockroaches
  8 goblins
  2 hobgoblins
  8 jackals (D:5)
  A quokka (D:7)
  A ball python (D:5)
  2 bats (D:2)
  2 frilled lizards (D:1)
  3 rats
43 creatures vanquished.

Notes
Turn   | Place    | Note
-------+----------+-------------------------------------------
     0 | D:1      | poirepourri the Deep Elf Conjurer began the quest for the
                  | Orb.
     0 | D:1      | Reached XP level 1. HP: 10/10 MP: 6/6
     2 | D:1      | Noticed a gargoyle
     2 | D:1      | Noticed a demigod
     4 | D:1      | Noticed a ghoul
     6 | D:1      | Noticed a minotaur
     6 | D:1      | Noticed a troll
     8 | D:1      | Noticed an octopode
     8 | D:1      | Noticed a vampire
    10 | D:1      | Noticed a human
    10 | D:1      | Noticed a tengu
    12 | D:1      | Noticed an elf
    12 | D:1      | Noticed a draconian
    14 | D:1      | Noticed an ogre
    14 | D:1      | Noticed a felid
    16 | D:1      | Noticed a naga
    16 | D:1      | Noticed a demonspawn
    18 | D:1      | Noticed a halfling
    20 | D:1      | Noticed a merfolk
    22 | D:1      | Noticed a spriggan
    24 | D:1      | Noticed a dwarf
    24 | D:1      | Noticed a formicid
    26 | D:1      | Noticed a vine stalker
    26 | D:1      | Noticed a centaur
   520 | D:1      | Reached skill level 4 in Spellcasting
   520 | D:1      | Reached XP level 2. HP: 15/15 MP: 6/9
   524 | D:1      | Learned a level 2 spell: Searing Ray
   782 | D:2      | Found an opulent altar of Gozag.
  1001 | D:2      | Reached XP level 3. HP: 19/19 MP: 4/11
  1065 | D:2      | Learned a level 3 spell: Dazzling Spray
  1173 | D:2      | Reached skill level 5 in Spellcasting
  1521 | D:3      | You fall through a shaft for 3 floors!
  1542 | D:6      | Found Dawyady's Distillery.
  1550 | D:6      | Noticed an orc warrior
  1560 | D:6      | Noticed an ice beast
  1628 | D:6      | Noticed a centaur
  1634 | D:6      | Noticed a sky beast
  1663 | D:6      | Noticed Grinder
  1999 | D:5      | Entered Level 5 of the Dungeon
  2366 | D:5      | Reached skill level 6 in Spellcasting
  2366 | D:5      | Reached XP level 4. HP: 24/24 MP: 9/14
  2677 | D:5      | Learned a level 4 spell: Iskenderun's Mystic Blast
  2682 | D:5      | Learned a level 4 spell: Force Lance
  2797 | D:5      | Noticed a bullfrog
  2802 | D:5      | Killed a bullfrog
  2802 | D:5      | Reached skill level 7 in Spellcasting
  2802 | D:5      | Reached XP level 5. HP: 24/28 MP: 3/16
  2911 | D:5      | You fall through a shaft for 2 floors!
  2918 | D:7      | Noticed a black bear
  2963 | D:7      | Noticed an orc warrior
  3006 | D:7      | Noticed an orc warrior
  3106 | D:7      | Hit by a tomahawk of returning thrown by an orc warrior

Skill      XL: |  1  2  3  4 |
---------------+-------------+-----
Spellcasting   | 4 6 7 |  7.4
Dodging        | |  2.4
Stealth        | |  2.4
Conjurations   | |  4.3

Action                   |  1- 3 |  4- 6 || total
-------------------------+-------+-------++-------
Melee: Unarmed           |       |     1 ||     1
 Cast: Magic Dart        |    31 |       ||    31
       Searing Ray       |    16 |     7 ||    23
       Dazzling Spray    |     4 |     6 ||    10
  Use: Scroll            |     5 |       ||     5
  Eat: Ration            |     2 |     1 ||     3
Armor: Robe              |     3 |       ||     3
Dodge: Dodged            |    23 |    14 ||    37
